 Dungeon Crawl Stone Soup version 0.22-a0-268-g1cc83ef (webtiles) character file.

569 Amnesiac the Shield-Bearer (level 7, 0/56 HPs)
             Began as a Formicid Fighter on Mar 9, 2018.
             Slain by a wyvern skeleton (11 damage)
             ... on level 8 of the Dungeon.
             The game lasted 00:12:07 (5494 turns).

Amnesiac the Shield-Bearer (Formicid Fighter)       Turns: 5494, Time: 00:12:07

Health: 0/56       AC:  8    Str: 23    XL:     7   Next: 60%
Magic:  7/7        EV: 10    Int:  2    God:
Gold:   262        SH: 11    Dex: 10    Spells: 6/6 levels left

rFire    . . .     SeeInvis +   t - -1 hunting sling
rCold    . . .     Gourm    .   c - +1 shield
rNeg     . . .     Faith    .   b - +0 scale mail
rPois    .         Spirit   .   (helmet unavailable)
rElec    .         Reflect  .   j - +0 cloak
rCorr    .         Harm     .   (no gloves)
MR       .....                  (no boots)
Stlth    ..........             (no amulet)
HPRegen  0.18/turn              q - -5 ring of intelligence
MPRegen  0.10/turn              (no ring)

@: drained
A: permanent stasis, dig shafts and tunnels, four strong arms, antennae 3
a: Dig, Shaft Self


You were on level 8 of the Dungeon.
You were hungry.

You visited 1 branch of the dungeon, and saw 9 of its levels.

You collected 262 gold pieces.

Inventory:

Hand Weapons
 a - a +0 quarterstaff
 o - a +5 morningstar
 t - a -1 hunting sling (weapon)
Missiles
 l - 7 stones (quivered)
 m - 34 bolts
Armour
 b - a +0 scale mail (worn)
 c - a +1 shield (worn)
 j - a +0 cloak (worn)
Jewellery
 h - an uncursed ring of fire
 q - a -5 ring of intelligence (left hand)
Wands
 k - a wand of enslavement (1)
Scrolls
 i - 2 scrolls of identify {!r}
 p - a scroll of enchant weapon {!r}
Potions
 d - 2 potions of might {!q}
 e - a potion of curing {!q}
 g - 2 potions of flight {!q}
 n - a potion of lignification {!q, unknown}
Comestibles
 f - 5 rations


   Skills:
 + Level 5.0(4.7) Fighting
 - Level 2.0(1.7) Staves
 + Level 5.0(4.8) Armour
 + Level 4.0(3.8) Dodging
 + Level 5.5(5.2) Shields


You had 6 spell levels left.
You didn't know any spells.

Dungeon Overview and Level Annotations

Branches:
Dungeon (10/15)
 Temple: D:4-7         Lair: D:8-11         Orc: D:9-12

Altars:
Ashenzari
Cheibriados
Gozag
Hepliaklqana
Makhleb
Nemelex Xobeh
Sif Muna
Xom
Yredelemnul
The Shining One

Annotations:
D:2 Terence
D:7 Dowan, Duvessa


Innate Abilities, Weirdness & Mutations

You cannot be hasted, slowed, berserked, paralysed or teleported.
You can dig through walls and to a lower floor.
Your four strong arms can wield two-handed weapons with a shield.
You have a pair of large antennae on your head. (SInv)


Message History

Press: ? - help, Shift-Dir - straight line, f/p - black bear
Aim: a black bear (chance to defeat MR: 46%)
The black bear is charmed.
The hippogriff closely misses your black bear.
The hippogriff barely misses your black bear.
The hippogriff claws your black bear. What are your orders? t - Shout!
Orders for allies: a - Attack new target. p - Attack previous target. r - Retreat! s - Stop attacking. g - Guard the area. f - Follow me.
Anything else - Cancel.
Guard this area!
The hippogriff barely misses your black bear.
The hippogriff pecks your black bear. The hippogriff claws your black bear!
The hippogriff bites your black bear.
The hippogriff barely misses your black bear.
The hippogriff claws your black bear.
The hippogriff completely misses your black bear.
The hippogriff pecks your black bear!
Your black bear dies!
Found a scroll labeled MYANIR ZIOMP.
Found a scroll of enchant weapon.
Found 18 sling bullets.
Found a glowing purple potion and a robe.
An orc comes into view. It is wielding a hand axe of chopping.
The orc shouts!
You hear a shout!
An orc comes into view. It is wielding a club.
The quokka twitches its whiskers.
An orc comes into view. It is wielding a club.
An orc comes into view. It is wielding a mace.
You see here a scroll labeled MYANIR ZIOMP {!r}.
n - a scroll labeled MYANIR ZIOMP {!r} The orc shouts!
The crimson imp blinks!
The orc moves out of view.
You block the orc's attack.
Found a trident and 15 gold pieces.
Found a stone staircase leading down.
You see here a scroll of enchant weapon {!r}.
p - a scroll of enchant weapon {!r} You block the orc's attack.
Found 7 gold pieces.
Really read
n - a scroll labeled MYANIR ZIOMP {!r}?
As you read the scroll labeled MYANIR ZIOMP {!r}, it crumbles to dust.
You feel as if something is helping you.
It was a scroll of remove curse {!r}.
The orc closely misses you.
A howler monkey comes into view.
A wyvern skeleton comes into view.
The wyvern skeleton bites you! The wyvern skeleton barely misses you.
You block the quokka's attack. You block the wyvern skeleton's attack.
The wyvern skeleton bites you!
* * * LOW HITPOINT WARNING * * *
You see here a bubbling yellow potion {!q}.
n - a bubbling yellow potion {!q} You block the wyvern skeleton's attack.
There are no items here.
The quokka twitches its whiskers.
The wyvern skeleton bites you!
* * * LOW HITPOINT WARNING * * *
You block the hippogriff's attack. The hippogriff pecks you.
* * * LOW HITPOINT WARNING * * *
You block the hippogriff's attack. The wyvern skeleton bites you!
You die...

##....>.#...............##(!..h
#................##............
#...............................
#.................####..........
#............................##.
#...........<....####...........
#................# #.5.......##
#................## #...........
#.............@..# #.......[##.
#.....##......Z.###)#.........
##### ###..###rHo.$#.........
####..#_#o$.###{{.......
#.....#'#..#o5.5.$......
#.......{.##.#####....$.
#......)..##.# #.....
#............# .#...
#.........#### .#...


You could see a hippogriff, a crimson imp, 3 orcs, a quokka and a wyvern
skeleton.

Vanquished Creatures
  A phantom (D:4)
  2 wights (D:6)
  A howler monkey (D:6)
  2 hounds
  An orc priest (D:4)
  A bullfrog skeleton (D:9)
  An orc wizard (D:4)
  A worker ant zombie (D:6)
  2 adders
  A shadow imp (D:7)
  A worm (D:2)
  2 dart slugs
  4 leopard geckos
  2 orcs
  5 giant cockroaches
  11 goblins
  11 hobgoblins
  5 jackals
  A quokka (D:3)
  5 bats
  6 frilled lizards
  9 kobolds
  7 rats
82 creatures vanquished.

Vanquished Creatures (collateral kills)
  A wight (D:6)
  4 gnolls (D:6)
  An adder (D:6)
  A quokka (D:6)
7 creatures vanquished.

Vanquished Creatures (others)
  A black bear (D:8)
  An ogre (D:6)
2 creatures vanquished.

Grand Total: 91 creatures vanquished

Notes
Turn   | Place    | Note
-------+----------+-------------------------------------------
     0 | D:1      | Amnesiac the Formicid Fighter began the quest for the Orb.
     0 | D:1      | Reached XP level 1. HP: 18/18 MP: 1/1
    13 | D:1      | Reached skill level 1 in Dodging
    34 | D:1      | Reached XP level 2. HP: 18/24 MP: 2/2
   407 | D:1      | Reached XP level 3. HP: 29/29 MP: 3/3
  1052 | D:2      | Reached XP level 4. HP: 13/35 MP: 4/4
  1705 | D:2      | Found a deep blue altar of Sif Muna.
  2071 | D:3      | Found a faded altar of an unknown god.
  2498 | D:3      | Found an opulent altar of Gozag.
  2783 | D:3      | Noticed Terence
  2799 | D:2      | You fall through a shaft!
  2811 | D:3      | Found a glowing golden altar of the Shining One.
  3093 | D:3      | Found a snail-covered altar of Cheibriados.
  3544 | D:4      | Noticed a phantom
  3566 | D:4      | Killed a phantom
  3566 | D:4      | Reached XP level 5. HP: 34/42 MP: 5/5
  3620 | D:4      | Reached XP level 6. HP: 17/48 MP: 6/6
  3675 | D:4      | You fall through a shaft for 3 floors!
  3952 | D:7      | Found a hazy altar of Hepliaklqana.
  3953 | D:7      | Found a shimmering altar of Xom.
  3953 | D:7      | Noticed a soldier ant
  3954 | D:7      | Noticed a soldier ant
  3954 | D:7      | Noticed a spectral ugly thing
  4228 | D:6      | Reached skill level 5 in Shields
  4237 | D:6      | Reached XP level 7. HP: 41/55 MP: 7/7
  4250 | D:6      | You fall through a shaft for 3 floors!
  4284 | D:9      | You fall through a shaft!
  4284 | D:10     | Entered Level 10 of the Dungeon
  4582 | D:8      | Noticed a hippogriff
  4596 | D:8      | Found a sparkling altar of Nemelex Xobeh.
  4629 | D:7      | Noticed Duvessa
  4629 | D:7      | Noticed Dowan
  4727 | D:6      | Found a basalt altar of Yredelemnul.
  4728 | D:6      | Found a burning altar of Makhleb.
  5002 | D:6      | Found a shattered altar of Ashenzari.
  5216 | D:6      | You fall through a shaft for 3 floors!
  5289 | D:9      | Reached skill level 5 in Fighting
  5289 | D:9      | Reached skill level 5 in Armour
  5494 | D:8      | Slain by a wyvern skeleton

Vault maps used:
D:1:      dpeg_arrival_three_smaller_balls, minmay_misc_feat_four_crosses,
          minmay_tetromino_s4
D:2:      cheibrodos_helix_gallery, lemuel_blue_sif_altar, hex_intersection
D:3:      nicolae_overflow_hidden_temple, lemuel_crystal_altar,
          chequers_ecumenical_altar_simple, nicolae_gozag_seed_capital,
          uniq_terence
D:6:      kennysheep_housing_project, evilmike_ruin_ashenzari,
          gammafunk_temple_overflow_statue
D:7:      regret_index_temple_of_mockery, uniq_duvessa, uniq_pikel
D:8:      eat_drink_and_be_merry_uskayaw, kennysheep_mini_moat, basic_altar
D:9:      hangedman_pestilent_swarm, kennysheep_cluttered_room
D:10:     orc_david_3

Skill      XL: |  1  2  3  4  5  6  7 |
---------------+----------------------+-----
Dodging        | 1 2 3 4 |  4.0
Shields        | 4 5 |  5.5
Fighting       | 4 5 |  5.0
Armour         | 4 5 |  5.0
Staves         | |  2.0

Action                   |  1- 3 |  4- 6 |  7- 9 || total
-------------------------+-------+-------+-------++-------
Melee: Quarterstaff      |   112 |    39 |       ||   151
       Hunting sling     |       |     2 |       ||     2
 Fire: Hunting sling     |       |   203 |    65 ||   268
 Abil: Shaft Self        |       |     2 |     3 ||     5
       Dig               |       |     4 |     4 ||     8
Evoke: Wand              |       |       |    12 ||    12
  Use: Scroll            |     1 |    13 |     1 ||    15
       Potion            |       |     3 |       ||     3
  Eat: Chunk             |     1 |     8 |     2 ||    11
       Ration            |       |     1 |     1 ||     2
Armor: Scale mail        |    59 |    59 |    63 ||   181
Dodge: Dodged            |    58 |    58 |    72 ||   188
Block: Shield            |    73 |    97 |   134 ||   304

Table legend:
 A = Spawn XP
 B = Non-spawn XP
 C = Spawn XP percentage of total XP
 D = Spawn monster count
 E = Non-spawn monster count
 F = Spawn count percentage of total count
 G = Total turns spent on level
                    A         B        C        D         E        F      G
               +---------+---------+-------+---------+---------+-------+---------
         Total |       0 |     814 |   0.0 |       0 |      89 |   0.0 |  5494
               +---------+---------+-------+---------+---------+-------+---------
           D:1 |       0 |      47 |   0.0 |       0 |      27 |   0.0 |   946
           D:2 |       0 |      48 |   0.0 |       0 |      25 |   0.0 |  1420
           D:3 |       0 |      34 |   0.0 |       0 |      13 |   0.0 |  1165
           D:4 |       0 |     201 |   0.0 |       0 |       4 |   0.0 |   144
           D:6 |       0 |     371 |   0.0 |       0 |      13 |   0.0 |   673
           D:7 |       0 |      31 |   0.0 |       0 |       5 |   0.0 |   496
           D:9 |       0 |      82 |   0.0 |       0 |       2 |   0.0 |   287
               +---------+---------+-------+---------+---------+-------+---------
